 Dungeon Crawl Stone Soup version 0.23-a0-650-ga4d50d4 (webtiles) character file.

866631 azzavlup the Ecstatic (level 27, -3/196 (226) HPs)
             Began as a Demonspawn Gladiator on Jan 4, 2019.
             Was an Elder of Uskayaw.
             Slain by a reaper
             ... wielding a +0 scythe of slicing
             ... created by the effects of Hell
              (25 damage)
             ... on level 7 of the Iron City of Dis.
             The game lasted 03:18:59 (91777 turns).

azzavlup the Ecstatic (Demonspawn Gladiator)       Turns: 91777, Time: 03:19:00

HP:   -3/196 (226)  AC: 33    Str: 35 (36) XL:     27
MP:   35/35         EV: 26    Int: 10 (11) God:    Uskayaw [****..]
Gold: 5161          SH: 47    Dex: 28      Spells: 26/26 levels left

rFire    + + .     SeeInvis +   b - +8 broad axe of Exoneration {flame, rElec rC+ Str+4 Dex-3}
rCold    + + .     Gourm    .   X - +10 large shield of Ignorance {rN+ Int-4}
rNeg     + + .     Faith    .   y - +10 shadow dragon scales
rPois    +         Spirit   .   f - +2 hat {SInv}
rElec    +         Reflect  .   C - +0 cloak {rPois}
rCorr    .         Harm     .   d - +0 pair of gloves {Dex+3}
MR       ++...                  (boots unavailable)
Stlth    ++++++++..             P - macabre finger necklace {rN+}
HPRegen  6.42/turn              g - ring of Mofuxoc {Str+3 Int+4 Dex+4 Slay+3}
MPRegen  0.24/turn              h - ring "Mijingai" {rElec rF+ Str+5}
                                L - ring of Koxzisoa {rC+ Dex+3 Stlth-}

@: slowed, very slow
A: hooves 3, large bone plates 3, agile 1, demonic guardian 3, deterioration 1,
fire resistance 1, hurl damnation, low mp 1, mutation resistance 1, sense
surroundings 1, powered by death 3, strong 1, wild magic 1, flame cloud immunity
}: 6/15 runes: serpentine, barnacled, slimy, silver, golden, abyssal
a: Hurl Damnation, Stomp, Line Pass, Renounce Religion


You were on level 7 of the Iron City of Dis.
You worshipped Uskayaw.
Uskayaw was extremely pleased with you.
You were not hungry.

You visited 14 branches of the dungeon, and saw 64 of its levels.
You visited the Abyss 2 times.
You also visited: Sewer.

You collected 11347 gold pieces.
You spent 6186 gold pieces at shops.

Inventory:

Hand Weapons
 a - a +9 demon blade of electrocution
 b - the +8 broad axe of Exoneration (weapon) {flame, rElec rC+ Str+4 Dex-3}
   (You bought it in a shop on level 15 of the Dungeon)

   It has been specially enchanted to burn those struck by it, causing extra
   injury to most foes and up to half again as much damage against particularly
   susceptible opponents.
   Big, fiery blades are also staple armaments of hydra-hunters.
   It affects your strength (+4).
   It affects your dexterity (-3).
   It protects you from cold.
   It insulates you from electricity.
 w - a +9 quick blade of electrocution
Armour
 d - a +0 pair of gloves of dexterity (worn)
 f - a +2 hat of see invisible (worn)
 y - +10 shadow dragon scales (worn)
 C - a +0 cloak of poison resistance (worn)
 X - the +10 large shield of Ignorance (worn) {rN+ Int-4}
   (You found it on level 2 of the Orcish Mines)

   It affects your intelligence (-4).
   It protects you from negative energy.
Jewellery
 c - an uncursed ring of resist corrosion
 g - the ring of Mofuxoc (left hand) {Str+3 Int+4 Dex+4 Slay+3}
   (You bought it in a shop on level 1 of the Elven Halls)

   [ring of strength]

   It affects your strength (+3).
   It affects your intelligence (+4).
   It affects your dexterity (+4).
   It affects your accuracy and damage with ranged weapons and melee attacks
   (+3).
 h - the ring "Mijingai" (right hand) {rElec rF+ Str+5}
   (You found it on level 1 of the Shoals)

   [ring of protection from fire]

   It affects your strength (+5).
   It protects you from fire.
   It insulates you from electricity.
 L - the ring of Koxzisoa (on amulet) {rC+ Dex+3 Stlth-}
   (You found it on level 3 of the Tomb of the Ancients)

   [ring of attention]

   It affects your dexterity (+3).
   It protects you from cold.
   It makes you less stealthy.
 P - the macabre finger necklace (around neck) {rN+}
   (You found it on level 3 of the Crypt)

   [amulet of nothing]

   It protects you from negative energy.
Wands
 l - a wand of clouds (6)
 z - a wand of scattershot (9)
 H - a wand of flame (84)
 N - a wand of disintegration (44)
 R - a wand of acid (79)
 W - a wand of iceblast (45)
Scrolls
 i - 3 scrolls of silence
 m - 29 scrolls of remove curse
 n - a scroll of blinking
 o - 33 scrolls of teleportation
 p - 13 scrolls of fear
 r - 5 scrolls of identify
 s - 13 scrolls of magic mapping
 u - 3 scrolls of enchant weapon
 v - 4 scrolls of fog
 Q - 2 scrolls of summoning
 T - 11 scrolls of amnesia
Potions
 j - 3 potions of invisibility
 k - 11 potions of flight
 q - 10 potions of brilliance
 t - 10 potions of might
 A - a potion of mutation
 B - 3 potions of magic
 D - 17 potions of curing
 F - 5 potions of haste
 I - 2 potions of agility
 J - 3 potions of cancellation
 K - 2 potions of ambrosia
 Z - 6 potions of berserk rage
Miscellaneous
 S - a figurine of a ziggurat
Comestibles
 e - 78 rations


   Skills:
 - Level 20.7 Fighting
 - Level 16.0 Long Blades
 - Level 18.0 Axes
 - Level 1.7 Throwing
 - Level 18.2 Armour
 - Level 16.7 Dodging
 + Level 19.3 Stealth
 - Level 25.0 Shields
 - Level 25.5 Invocations
 - Level 6.0 Evocations


You had 26 spell levels left.
You didn't know any spells.
Your spell library contained the following spells:

 Spells                   Type           Power        Failure   Level  Hunger
 Apportation              Tloc           #.....       75%         1    ##.....
 Beastly Appendage        Tmut           #.....       75%         1    ##.....
 Confusing Touch          Hex            #.....       75%         1    ##.....
 Corona                   Hex            #......      75%         1    ##.....
 Flame Tongue             Conj/Fire      #....        75%         1    ##.....
 Freeze                   Ice            #...         75%         1    ##.....
 Infusion                 Chrm           #...         75%         1    ##.....
 Magic Dart               Conj           #...         75%         1    ##.....
 Shock                    Conj/Air       #...         75%         1    ##.....
 Sting                    Conj/Pois      #...         75%         1    ##.....
 Summon Butterflies       Summ           #.......     75%         1    ##.....
 Blink                    Tloc           N/A          86%         2    ###....
 Call Imp                 Summ           #.......     86%         2    ###....
 Corpse Rot               Necr           N/A          86%         2    ###....
 Ensorcelled Hibernation  Hex/Ice        #.....       86%         2    ###....
 Poisonous Vapours        Pois/Air       #.....       86%         2    ###....
 Searing Ray              Conj           #.....       86%         2    ###....
 Slow                     Hex            #.......     86%         2    ###....
 Sticks to Snakes         Tmut           #.......     86%         2    ###....
 Sublimation of Blood     Necr           #.........   86%         2    ###....
 Throw Flame              Conj/Fire      #.....       86%         2    ###....
 Throw Frost              Conj/Ice       #.....       86%         2    ###....
 Confuse                  Hex            #.......     97%         3    ####...
 Conjure Flame            Conj/Fire      #.......     97%         3    ####...
 Dazzling Spray           Conj/Hex       #.....       97%         3    ####...
 Gell's Gravitas          Tloc           #.........   97%         3    ####...
 Ignite Poison            Fire/Tmut/Pois #.......     97%         3    ####...
 Inner Flame              Hex/Fire       #.......     97%         3    ####...
 Lesser Beckoning         Tloc           #.........   97%         3    ####...
 Mephitic Cloud           Conj/Pois/Air  #.......     97%         3    ####...
 Ozocubu's Armour         Chrm/Ice       #.......     97%         3    ####...
 Portal Projectile        Hex/Tloc       #.....       97%         3    ####...
 Spider Form              Tmut/Pois      #.........   97%         3    ####...
 Static Discharge         Conj/Air       #.......     97%         3    ####...
 Summon Guardian Golem    Hex/Summ       #.......     97%         3    ####...
 Tukima's Dance           Hex            #.......     97%         3    ####...
 Vampiric Draining        Necr           #.........   97%         3    ####...
 Cause Fear               Hex            #.........   100%        4    #####..
 Force Lance              Conj/Tloc      #.......     100%        4    #####..
 Fulminant Prism          Conj/Hex       #.........   100%        4    #####..
 Ice Form                 Ice/Tmut       #.......     100%        4    #####..
 Iskenderun's Mystic Bla  Conj           #.......     100%        4    #####..
 Leda's Liquefaction      Hex/Erth       #.........   100%        4    #####..
 Olgreb's Toxic Radiance  Pois           #.......     100%        4    #####..
 Passage of Golubria      Tloc           N/A          100%        4    #####..
 Petrify                  Tmut/Erth      #.......     100%        4    #####..
 Sticky Flame             Conj/Fire      #.......     100%        4    #####..
 Summon Ice Beast         Ice/Summ       #.......     100%        4    #####..
 Throw Icicle             Conj/Ice       #.......     100%        4    #####..
 Agony                    Necr           #.......     100%        5    ######.
 Alistair's Intoxication  Tmut/Pois      #.......     100%        5    ######.
 Blade Hands              Tmut           #.........   100%        5    ######.
 Bolt of Draining         Conj/Necr      #.........   100%        5    ######.
 Bolt of Magma            Conj/Fire/Erth #.........   100%        5    ######.
 Dispel Undead            Necr           #.......     100%        5    ######.
 Excruciating Wounds      Chrm/Necr      #.........   100%        5    ######.
 Fireball                 Conj/Fire      #.........   100%        5    ######.
 Irradiate                Conj/Tmut      #.........   100%        5    ######.
 Lightning Bolt           Conj/Air       #.........   100%        5    ######.
 Metabolic Englaciation   Hex/Ice        #.........   100%        5    ######.
 Silence                  Hex/Air        #.........   100%        5    ######.
 Venom Bolt               Conj/Pois      #.........   100%        5    ######.
 Yara's Violent Unravell  Hex/Tmut       #.........   100%        5    ######.
 Bolt of Cold             Conj/Ice       #.........   100%        6    #######
 Conjure Ball Lightning   Conj/Air       #.........   100%        6    #######
 Deflect Missiles         Chrm/Air       #.........   100%        6    #######
 Invisibility             Hex            #.......     100%        6    #######
 Iron Shot                Conj/Erth      #.........   100%        6    #######
 Poison Arrow             Conj/Pois      #.........   100%        6    #######
 Statue Form              Tmut/Erth      #........    100%        6    #######
 Chain Lightning          Conj/Air       #.........   100%        8    #######
 Discord                  Hex            #.........   100%        8    #######
 Ignition                 Fire           #.........   100%        8    #######
 Lehudib's Crystal Spear  Conj/Erth      #.........   100%        8    #######
 Fire Storm               Conj/Fire      #.........   100%        9    #######
 Glaciate                 Conj/Ice       #.........   100%        9    #######
 Shatter                  Erth           #.........   100%        9    #######
 Tornado                  Air            #.........   100%        9    #######


Dungeon Overview and Level Annotations

Branches:
Dungeon (15/15)            Temple (1/1) D:6            Lair (6/6) D:8
 Shoals (4/4) Lair:3        Snake (4/4) Lair:4        Slime (5/5) Lair:5
    Orc (2/2) D:11            Elf (3/3) Orc:2        Vaults (5/5) D:13
  Crypt (3/3) Vaults:2       Tomb (3/3) Crypt:3      Depths (5/5) D:15
   Hell (1/1)                 Dis (7/7) Hell            Geh (0/7) Hell
    Coc (0/7) Hell            Tar (0/7) Hell            Zot (0/5) Depths:5

Altars:
Ashenzari
Cheibriados
Dithmenos
Elyvilon
Fedhas
Gozag
Hepliaklqana
Kikubaaqudgha
Makhleb
Nemelex Xobeh
Okawaru
Qazlal
Ru
Sif Muna
Trog
Uskayaw
Vehumet
Wu Jian
Xom
Yredelemnul
Zin
The Shining One
Beogh
Jiyva

Shops:
D:6 (=   D:8 %(   D:10 *   D:15 (   Orc:2 :!(?(!(   Elf:1 =   Elf:3 %
Shoals:3 [   Shoals:4 [   Snake:3 %%([   Vaults:3 (   Depths:1 %%

Portals:
Hell: Depths:1 Depths:2 Depths:3 Depths:4 Depths:5
Abyss: Depths:4 Depths:5
Pandemonium: Depths:1 Depths:3 Depths:4
Ziggurat: Depths:4

Annotations:
D:13 2 transporters, digijack's ghost, journeyman DsBe
Lair:3 exclusion: 2 oklob plants
Orc:2 1 runed door, exclusion: 4 orange crystal statues


Innate Abilities, Weirdness & Mutations

You have hooves in place of feet.
You are completely covered in large bone plates. (SH +8)
A powerful demonic guardian rushes to your aid.
Your flesh is heat resistant. (rF+)
You can hurl damnation.
You regenerate a lot of health from kills.
You are immune to clouds of flame.
You are agile. (Dex +2)
Your body sometimes deteriorates upon taking damage.
Your magical capacity is low. (-10% MP)
You are somewhat resistant to further mutation.
You passively map a small area around you.
Your muscles are strong. (Str +2)
Your spells are a little harder to cast, but a little more powerful.


Message History

b - the +8 broad axe of Exoneration (weapon)
{flame, rElec rC+ Str+4 Dex-3} The ancient champion points at you and mumbles some strange words.
The iron shot hits your cacodemon.
Your cacodemon dies!
The ancient champion gestures wildly while chanting.
The ancient champion seems to speed up.
The tormentor calls on the powers of darkness!
Your body is wracked with pain!
* * * LOW HITPOINT WARNING * * *
The iron giant convulses!
The iron giant points at you and mumbles some strange words.
You block the iron shot.
Your cacodemon closely misses the reaper. x2
You closely miss the reaper. Your kick misses the reaper.
The reaper is almost dead.
You hit the tormentor.
You kill the tormentor!
You block the reaper's attack.
The reaper hits you with a +0 scythe of slicing!!
You die...

#...............# ,
, , ,
.....8....8.....# ,,
....8....8.....# , ,
##.............# ,,
*
.#.............##'##
* * , ,
.'..8....8..........
, , *
,#..8....8....##'###
#....2.......# ...,
#.....@.2....#,,...
....8...28....# ...#
....8..C28....#
,,..#
........zz....# , ,
* * *
..............# ,
....8....8....# *
....8C...8...... , ,
'#.............. , ,
#.............. *


You could see 2 iron giants, 3 reapers, 2 ancient champions and a friendly
cacodemon.

Vanquished Creatures
  the Royal Jelly (Slime:5)
  Khufu (Tomb:3)
  6 ancient liches
  Sojobo (Vaults:2)
  30 greater mummies
  Boris (Vaults:4)
  Frederick (Vaults:4)
  Margery (Vaults:3)
  6 caustic shrikes
  Geryon (Hell)
  Saint Roka (Depths:2)
  Xtahua (Crypt:3)
  4 golden dragons
  Jory (Tomb:1)
  8 bone dragons
  A profane servitor (Abyss:1)
  5 Tzitzimimeh
  Rupert (Vaults:3)
  A Brimstone Fiend (Dis:7)
  9 Hell Sentinels
  4 iron giants
  5 Ice Fiends
  5 tentacled monstrosities
  11 liches
  3 deep elf blademasters
  8 titans
  11 tentacled starspawn
  2 quicksilver dragons
  4 eldritch tentacles
  14 acid blobs
  A kraken (Shoals:3)
  14 sphinxes
  25 ancient champions
  A shadow dragon (shapeshifter) (Depths:2)
  Agnes (Vaults:3)
  3 shadow dragons
  13 tengu reavers
  3 storm dragons
  6 azure jellies (Slime:5)
  6 draconian monks (Depths:5)
  6 revenants
  4 fire giants
  5 iron dragons
  5 balrugs
  6 nagarajas
  5 deep elf sorcerers (Elf:3)
  12 frost giants
  A ghost moth (Abyss:3)
  A draconian knight (Depths:5)
  18 vault wardens
  A caustic shrike zombie (Crypt:1)
  A draconian scorcher (Abyss:1)
  10 ghouls
  8 cacodemons
  5 spriggan defenders
  An orc warlord (D:11)
  15 ironheart preservers
  37 reapers
  2 draconian annihilators
  An ophan (Abyss:3)
  5 deep elf elementalists
  13 stone giants
  An entropy weaver (Vaults:2)
  12 very ugly things
  3 war gargoyles
  7 vampire knights
  8 deep elf demonologists
  6 bennus
  6 lorocyprocas
  4 red draconians (Depths:5)
  2 white draconians (Depths:5)
  6 green draconians
  5 black draconians
  2 purple draconians (Depths:5)
  13 deep elf annihilators
  A minotaur (Shoals:2)
  5 eidola
  2 spark wasps
  6 deep elf death magi
  Snorg (Lair:5)
  2 blizzard demons
  7 merfolk javelineers
  4 crystal guardians
  16 ettins
  13 jiangshi
  21 mummy priests
  2 green deaths
  5 death oozes (Slime:5)
  16 yaktaur captains
  6 quicksilver dragon zombies
  9 fire dragons
  8 merfolk impalers
  11 deep elf high priests
  Josephine (Lair:6)
  38 vault guards
  13 great orbs of eyes
  13 ice dragons
  3 hell beasts
  An ice dragon (shapeshifter) (Depths:4)
  2 quicksilver dragon skeletons
  Harold (D:11)
  3 juggernaut simulacra (Depths:4)
  7 rakshasas
  9 spriggan air magi
  4 merfolk avatars
  12 naga warriors
  5 hydras (Depths:1)
  2 catoblepae
  4 anacondas
  A merfolk aquamancer (Shoals:1)
  3 death knights
  16 centaur warriors
  5 satyrs
  2 tengu warriors
  A death yak (shapeshifter) (Depths:4)
  42 two-headed ogres
  11 deep troll earth magi
  54 death scarabs
  11 vampire magi
  30 dancing weapons
  7 deep troll shamans
  5 titan zombies
  15 ogre magi
  13 hell hogs
  7 thrashing horrors
  12 naga sharpshooters
  4 death yaks
  6 orc high priests
  10 shock serpents
  4 spriggan berserkers
  4 soul eaters
  3 iron golems
  23 large abominations
  7 storm dragon zombies
  2 sixfirhies (Abyss:4)
  16 deep elf knights
  7 sun demons (Hell)
  9 hell knights
  11 iron trolls (Dis:7)
  5 shadow wraiths
  2 ghost moth zombies
  14 wretched stars
  146 skeletal warriors
  4 anaconda zombies
  3 death drakes (Depths:5)
  3 fire crabs (shapeshifter)
  4 salamander mystics
  15 sea snakes
  4 unseen horrors
  3 storm dragon skeletons
  24 deep trolls
  2 spatial maelstroms
  2 unseen horrors (shapeshifter)
  2 deep trolls (shapeshifter)
  8 naga ritualists
  9 deep elf archers
  5 wizards
  4 glowing orange brains
  9 flayed ghosts
  A swamp dragon (shapeshifter) (Depths:1)
  3 lindwurms (Depths:5)
  2 golden dragon skeletons (Dis:7)
  16 starcursed masses
  3 golden dragon zombies
  3 shadow dragon zombies
  2 shadow demons
  31 harpies
  14 phantasmal warriors
  A lindwurm (shapeshifter) (Vaults:5)
  3 anaconda skeletons
  4 frost giant zombies
  18 orc knights
  15 ironbrand convokers
  27 ugly things
  2 mana vipers
  6 wolf spider zombies
  11 necromancers
  3 orc sorcerers
  5 shining eyes
  2 iron dragon zombies
  2 tengu skeletons
  56 deep elf magi
  3 fire giant zombies
  6 stone giant zombies
  2 orb spiders (shapeshifter)
  9 cyclopes
  10 fauns
  12 salamanders
  A glowing shapeshifter (Depths:4)
  4 shadow dragon skeletons
  3 wolf spiders
  5 worldbinders
  An iron dragon skeleton (Dis:5)
  15 manticores
  4 stone giant skeletons
  27 black mambas
  8 elephants
  9 water nymphs
  6 centaur zombies
  20 naga magi
  50 rust devils
  2 guardian serpents (Snake:3)
  An apocalypse crab (Abyss:5)
  17 vault sentinels
  4 fire giant skeletons
  A guardian serpent (shapeshifter) (Depths:1)
  A titan simulacrum (Tomb:2)
  3 dire elephant zombies
  A molten gargoyle (Depths:2)
  5 centaur skeletons
  An ice statue (Hell)
  6 orange demons
  4 eyes of devastation
  2 gargoyles
  2 smoke demons (Abyss:3)
  2 rime drakes
  2 kobold demonologists
  4 spiny frogs (Lair:6)
  A spiny frog (shapeshifter) (D:15)
  2 emperor scorpion zombies
  2 catoblepas zombies
  21 hellions
  3 human zombies
  58 yaktaurs
  5 dire elephant skeletons
  17 freezing wraiths
  16 ice devils
  3 komodo dragons
  3 efreet
  2 catoblepas skeletons (Crypt:3)
  The ghost of MisterFreud the Fighter, an amateur MiAK of Lugonu (D:5)
  An anaconda simulacrum (Depths:4)
  5 hydra zombies
  4 tengu conjurers
  40 tormentors
  54 guardian mummies
  30 merfolk
  7 meliai
  A silent spectre (Abyss:3)
  7 ancient zymes
  2 hellwings
  2 harpy zombies
  A troll (shapeshifter) (Depths:1)
  A merfolk (shapeshifter) (Depths:3)
  8 trolls
  4 polar bears
  An iron troll skeleton (Crypt:1)
  15 red devils
  A queen bee (Abyss:5)
  A queen bee (shapeshifter) (Vaults:1)
  A tengu simulacrum (Vaults:2)
  A death drake zombie (Crypt:1)
  5 hornets
  2 yaktaur skeletons (Vaults:2)
  A moth of wrath zombie (Crypt:2)
  A wolf spider simulacrum (D:15)
  A death drake skeleton (Crypt:1)
  11 wind drakes
  18 raiju
  4 hydra skeletons
  A tyrant leech (shapeshifter) (Vaults:5)
  3 bog bodies
  4 elf zombies
  2 guardian serpent zombies
  6 ettin zombies
  A raiju (shapeshifter) (Vaults:4)
  10 snapping turtles
  2 dream sheep (shapeshifter)
  A blink frog (shapeshifter) (Vaults:2)
  11 blink frogs
  A fire giant simulacrum (Crypt:2)
  9 ice dragon zombies
  A snapping turtle (shapeshifter) (Depths:3)
  57 slime creatures
  3 alligator zombies
  A harpy skeleton (Crypt:3)
  A stone giant simulacrum (Vaults:2)
  A fire dragon skeleton (Crypt:1)
  12 hippogriffs
  47 flying skulls
  A centaur simulacrum (D:15)
  3 vampires
  3 air elementals (Elf:3)
  3 wyverns
  4 black mamba zombies
  25 wraiths
  3 spriggans
  2 ettin skeletons
  15 shadows
  6 ynoxinuls
  16 water elementals
  A black mamba skeleton (Crypt:3)
  14 yaks
  A yak (shapeshifter) (Vaults:4)
  9 fire elementals
  A wind drake zombie (Crypt:3)
  9 ushabtiu
  2 fire bats (Depths:2)
  5 chaos spawn
  A basilisk (Lair:5)
  2 hungry ghosts
  3 golden eyes (Slime:3)
  5 neqoxecs
  11 vampire mosquitoes
  A glowing shapeshifter zombie (Crypt:3)
  2 spiny frog zombies
  8 wargs
  3 insubstantial wisps (Abyss:1)
  37 nagas
  9 spatial vortices
  2 soldier ants
  14 water moccasins
  2 floating eyes
  76 hell hounds
  8 porcupines
  A hydra simulacrum (Hell)
  4 snapping turtle zombies
  A floating eye (shapeshifter) (Depths:4)
  6 swamp drakes (Depths:5)
  2 black bears (shapeshifter)
  An ice beast (shapeshifter) (Vaults:3)
  52 orc warriors
  4 sky beasts
  2 black bears
  A dream sheep zombie (Crypt:2)
  6 necrophages
  A wolf (shapeshifter) (Vaults:3)
  9 eyes of draining
  5 phantoms
  An alligator simulacrum (Hell)
  A hog zombie (Crypt:2)
  6 ice beasts
  4 snapping turtle skeletons
  7 boggarts
  An elf skeleton (Vaults:2)
  41 ogres
  18 wolves
  9 human skeletons
  22 centaurs
  8 crocodiles
  2 manticore skeletons
  13 small abominations
  A big kobold (D:12)
  A yaktaur zombie (Crypt:2)
  A wyvern zombie (D:12)
  13 bullfrogs
  A hippogriff skeleton (Crypt:2)
  A gnoll sergeant (D:8)
  3 earth elementals (Elf:2)
  A salamander skeleton (Crypt:2)
  An ogre simulacrum (Vaults:1)
  A scorpion (D:12)
  A spriggan zombie (Dis:7)
  13 killer bees
  43 wights
  6 howler monkeys
  2 electric eels
  4 crimson imps
  A bullfrog zombie (D:7)
  3 quasits
  29 orc priests
  2 jellies (D:14)
  6 hounds
  33 orc wizards
  43 iron imps
  3 bullfrog skeletons
  A demonspawn skeleton (Crypt:1)
  6 iguanas
  9 merfolk sirens
  A black bear skeleton (Crypt:1)
  12 hell rats (Hell)
  29 worker ants
  An ogre zombie (Dis:3)
  A naga zombie (Dis:2)
  4 hound skeletons
  55 mummies
  A howler monkey zombie (D:6)
  19 adders
  5 gnolls (D:8)
  A river rat (Sewer)
  6 shadow imps
  An iguana zombie (Crypt:1)
  An adder skeleton (D:4)
  4 worms
  5 leopard geckos
  117 orcs
  7 ball pythons
  8 bats
  6 giant cockroaches
  8 hobgoblins
  7 jackals
  19 kobolds
  4 quokkas
  9 frilled lizards
  A giant cockroach zombie (Crypt:3)
  8 goblins
  2 jackal zombies (D:6)
  A kobold skeleton (Crypt:3)
  A kobold zombie (Dis:7)
  A leopard gecko zombie (D:8)
  A quokka zombie (D:5)
  30 rats
  6 lurking horrors
  A plant (Lair:3)
  7 starspawn tentacles
  4 tentacles
3499 creatures vanquished.

Vanquished Creatures (collateral kills)
  An ancient lich (Vaults:5)
  2 greater mummies (Tomb:1)
  2 golden dragons
  A Brimstone Fiend (Dis:7)
  2 bone dragons
  An iron giant (Dis:4)
  A Hell Sentinel (Dis:7)
  2 acid blobs
  A deep elf master archer (Elf:3)
  A kraken (Abyss:3)
  The ghost of Uryvooli the Phalangite, an adept MfBe of Trog (Shoals:1)
  An ancient champion (Dis:4)
  3 sphinxes
  2 nagarajas
  A deep elf sorcerer (Elf:3)
  An iron dragon (Dis:4)
  A balrug (Abyss:4)
  4 vault wardens
  2 deep elf elementalists (Elf:3)
  A curse skull (Crypt:3)
  A ghoul (Crypt:2)
  2 war gargoyles
  A very ugly thing (Abyss:5)
  A green draconian (Depths:5)
  A dire elephant (Lair:6)
  An eidolon (Crypt:2)
  A death ooze (Slime:5)
  A mummy priest (Tomb:1)
  A yaktaur captain (Vaults:1)
  2 ogre magi (Vaults:4)
  5 naga warriors
  A vault guard (D:13)
  An ice dragon (D:13)
  2 catoblepae
  A merfolk aquamancer (Shoals:1)
  4 hydras
  A centaur warrior (Depths:4)
  A dancing weapon (Elf:3)
  2 anacondas
  7 two-headed ogres
  A queen ant (Lair:2)
  4 death scarabs
  A death knight (Crypt:3)
  A naga sharpshooter (Snake:4)
  A satyr (Shoals:4)
  5 death yaks
  3 deep troll shamans
  A shock serpent (Snake:3)
  A titan zombie (Dis:7)
  A thrashing horror (Abyss:1)
  A storm dragon zombie (Crypt:2)
  An iron troll (Depths:1)
  2 salamander mystics (Snake:3)
  4 skeletal warriors
  A death drake (shapeshifter) (Vaults:5)
  A deep troll (Depths:1)
  2 deep elf archers
  3 naga ritualists
  2 phantasmal warriors (Crypt:3)
  2 orc knights
  A glowing shapeshifter (Vaults:5)
  A wolf spider zombie (Tomb:2)
  A wolf spider (Lair:6)
  An ugly thing (D:14)
  A mana viper (Snake:1)
  5 deep elf magi
  A salamander (Snake:3)
  A cyclops (Shoals:2)
  6 elephants
  An orc sorcerer (Elf:1)
  3 manticores
  Maurice (D:10)
  9 naga magi
  3 black mambas
  A merfolk siren (Shoals:3)
  A guardian serpent (Snake:3)
  A smoke demon (Abyss:3)
  A gargoyle (D:10)
  3 spiny frogs
  An emperor scorpion zombie (Dis:7)
  2 komodo dragons
  3 freezing wraiths
  6 guardian mummies
  A merfolk (Shoals:3)
  2 meliai
  A hornet (D:13)
  7 blink frogs
  3 hippogriffs
  7 slime creatures
  3 dream sheep (Shoals:2)
  A raiju (Abyss:5)
  3 flying skulls
  A wyvern (D:8)
  An ushabti (Tomb:2)
  A water elemental (Shoals:1)
  2 wraiths
  A golden eye (Slime:3)
  16 yaks
  9 nagas (Snake:4)
  2 water moccasins
  An ice beast (D:8)
  7 orc warriors
  A spiny frog skeleton (Tomb:1)
  2 eyes of draining
  2 black bears (D:8)
  A necrophage (D:7)
  3 ogres
  2 wolves (Lair:6)
  A boggart (Vaults:2)
  6 centaurs
  A crocodile (Lair:4)
  A bullfrog (Lair:5)
  2 scorpions
  2 killer bees (D:12)
  2 wights
  2 howler monkeys (D:8)
  3 crimson imps
  A bullfrog zombie (D:12)
  A hound (D:11)
  An iron imp (Dis:7)
  A bullfrog skeleton (D:11)
  2 worker ants
  A merfolk avatar (Sewer)
  A hound zombie (D:10)
  3 mummies
  4 adders
  A leopard gecko (Sewer)
  13 orcs
  A goblin (D:7)
  A quokka (D:10)
  An orc zombie (Tomb:3)
  2 plants
  A starspawn tentacle (Abyss:3)
  A tentacle (Shoals:3)
296 creatures vanquished.

Vanquished Creatures (others)
  A deep elf sorcerer (Elf:3)
  11 death scarabs (Tomb:2)
  3 hell hogs
  An anaconda skeleton (Hell)
  A moth of wrath (shapeshifter) (Depths:1)
  A silent spectre (Abyss:5)
  A raiju (Abyss:2)
  A hippogriff (D:14)
  A shadow (Dis:3)
  A small abomination (Abyss:4)
  A scorpion (D:8)
  A howler monkey (D:8)
  A wight (Dis:1)
  An iron imp (Dis:6)
  An iguana (D:8)
  An orc wizard (D:14)
  A hell rat (Hell)
  A mummy (Tomb:1)
  A leopard gecko (D:8)
  An orc (D:4)
  6 fungi (Lair:5)
  23 plants
  19 starspawn tentacles
  15 tentacles
95 creatures vanquished.

Grand Total: 3890 creatures vanquished

Notes
Turn   | Place    | Note
-------+----------+-------------------------------------------
     0 | D:1      | azzavlup the Demonspawn Gladiator began the quest for the
                  | Orb.
     0 | D:1      | Reached XP level 1. HP: 16/16 MP: 1/1
   272 | D:1      | Gained mutation: You have large cloven feet. [demonic
                  | ancestry]
   272 | D:1      | Reached XP level 2. HP: 22/22 MP: 2/2
   869 | D:2      | Gained mutation: You regenerate a little health from kills.
                  | [demonic ancestry]
   869 | D:2      | Reached XP level 3. HP: 26/27 MP: 3/3
  1805 | D:3      | Gained mutation: You are partially covered in large bone
                  | plates. (SH +4) [demonic ancestry]
  1805 | D:3      | Reached XP level 4. HP: 26/33 MP: 4/4
  2394 | D:4      | Noticed an ogre
  2398 | D:4      | Reached skill level 5 in Long Blades
  2401 | D:4      | Gained mutation: A weak demonic guardian rushes to your
                  | aid. [demonic ancestry]
  2401 | D:4      | Reached XP level 5. HP: 35/38 MP: 5/5
  2407 | D:4      | Killed an ogre
  2750 | D:4      | You fall through a shaft for 2 floors!
  2751 | D:6      | Found a glowing drain.
  2761 | D:6      | Gained mutation: You are mostly covered in large bone
                  | plates. (SH +6) [demonic ancestry]
  2761 | D:6      | Reached XP level 6. HP: 44/44 MP: 6/6
  2803 | Sewer    | Entered a sewer
  3412 | D:6      | Noticed an ice beast
  3426 | D:6      | Killed an ice beast
  3698 | D:6      | Found a staircase to the Ecumenical Temple.
  3701 | D:6      | Found Qotzamiemao's Antique Weapon Emporium.
  3717 | Temple   | Entered the Ecumenical Temple
  3788 | Temple   | Became a worshipper of Uskayaw the Reveler
  4004 | D:6      | Reached * piety under Uskayaw
  4008 | D:6      | Reached ** piety under Uskayaw
  4019 | D:5      | Entered Level 5 of the Dungeon
  4073 | D:5      | Reached skill level 1 in Invocations
  4076 | D:5      | Reached *** piety under Uskayaw
  4077 | D:5      | Reached XP level 7. HP: 24/52 MP: 6/8
  4080 | D:5      | Reached **** piety under Uskayaw
  4309 | D:5      | Found a runed door.
  4806 | D:4      | Reached skill level 1 in Shields
  5659 | D:5      | Noticed MisterFreud's ghost (amateur MiAK)
  5681 | D:5      | Killed MisterFreud's ghost
  5681 | D:5      | Gained mutation: You have hoof-like feet. [demonic
                  | ancestry]
  5681 | D:5      | Reached XP level 8. HP: 61/61 MP: 9/11
  5740 | D:6      | Found Millik's Jewellery Boutique.
  6278 | D:6      | Reached skill level 5 in Invocations
  6530 | D:7      | Reached skill level 1 in Armour
  7686 | D:8      | Gained mutation: A demonic guardian rushes to your aid.
                  | [demonic ancestry]
  7686 | D:8      | Reached XP level 9. HP: 60/67 MP: 14/14
  7776 | D:8      | Found a staircase to the Lair.
  8218 | D:8      | Reached skill level 5 in Fighting
  8337 | D:8      | Found Doto's Food Emporium.
  8395 | D:8      | Found Tixt's Weapon Shoppe.
  8784 | D:8      | Found a shimmering altar of Xom.
  9528 | D:9      | Noticed a troll
  9538 | D:9      | Killed a troll
  9538 | D:9      | Reached skill level 10 in Invocations
  9538 | D:9      | Gained mutation: Your flesh is heat resistant. (rF+)
                  | [demonic ancestry]
  9538 | D:9      | Reached XP level 10. HP: 56/77 MP: 17/17
  9879 | D:9      | Found a deep blue altar of Sif Muna.
 10116 | D:10     | Entered Level 10 of the Dungeon
 10127 | D:10     | Noticed Maurice
 10140 | D:10     | Killed Maurice
 10193 | D:10     | Reached ***** piety under Uskayaw
 10202 | D:10     | Found Ettapran's General Store.
 10315 | D:10     | Noticed a gargoyle
 10331 | D:10     | Killed a gargoyle
 11133 | D:11     | Noticed a gargoyle
 11141 | D:11     | Killed a gargoyle
 11721 | D:11     | Noticed Harold
 12053 | D:11     | Noticed an orc knight
 12064 | D:11     | Killed an orc knight
 12127 | D:11     | Killed Harold
 12127 | D:11     | Reached XP level 11. HP: 76/87 MP: 19/19
 12355 | D:11     | Found a staircase to the Orcish Mines.
 12578 | D:12     | Noticed a red ugly thing
 12595 | D:12     | Noticed a two-headed ogre
 12596 | D:12     | Killed a red ugly thing
 12599 | D:12     | Reached skill level 10 in Long Blades
 12606 | D:12     | Killed a two-headed ogre
 12902 | D:12     | Noticed a two-headed ogre
 12908 | D:12     | Killed a two-headed ogre
 13115 | D:12     | Noticed a two-headed ogre
 13121 | D:12     | Killed a two-headed ogre
 13507 | D:12     | Noticed a brown ugly thing
 13524 | D:12     | Killed a brown ugly thing
 13524 | D:12     | Reached skill level 10 in Fighting
 13743 | D:13     | Found a transporter.
 13743 | D:13     | Noticed a two-headed ogre
 13743 | D:13     | Identified the +10 morningstar "Fuulomawk" {elec, rF+}
 13743 | D:13     | Noticed an orc knight
 13856 | Lair:1   | Entered Level 1 of the Lair of Beasts
 14108 | Lair:1   | Noticed a four-headed hydra
 14116 | Lair:1   | Killed a four-headed hydra
 15418 | Lair:2   | Noticed a death yak
 15418 | Lair:2   | Noticed a death yak
 15418 | Lair:2   | Noticed a death yak
 15421 | Lair:2   | Noticed a death yak
 15423 | Lair:2   | Killed a death yak
 15427 | Lair:2   | Killed a death yak
 15435 | Lair:2   | Killed a death yak
 15442 | Lair:2   | Killed a death yak
 15757 | Lair:2   | Reached XP level 12. HP: 99/99 MP: 21/21
 15968 | Lair:2   | Noticed a queen ant
 15995 | Lair:2   | Killed a queen ant
 16400 | Lair:2   | You fall through a shaft for 2 floors!
 16411 | Lair:4   | Noticed a five-headed hydra
 16428 | Lair:4   | Killed a six-headed hydra
 16739 | Lair:4   | Found a staircase to the Snake Pit.
 16980 | Lair:4   | Noticed a six-headed hydra
 17003 | Lair:4   | Killed a 13-headed hydra
 18099 | Lair:3   | Found a staircase to the Shoals.
 19710 | Lair:4   | Reached skill level 1 in Evocations
 20086 | Lair:5   | Noticed Snorg
 20102 | Lair:5   | Killed Snorg
 20531 | Lair:5   | Found a viscous altar of Jiyva.
 20531 | Lair:5   | Found a staircase to the Slime Pits.
 20568 | Lair:5   | Gained mutation: You have hooves in place of feet. [demonic
                  | ancestry]
 20568 | Lair:5   | Reached XP level 13. HP: 91/108 MP: 19/23
 20591 | Lair:5   | Reached ****** piety under Uskayaw
 21822 | Lair:6   | Entered Level 6 of the Lair of Beasts
 21843 | Lair:6   | Noticed Josephine
 21852 | Lair:6   | Killed Josephine
 22022 | Lair:6   | Reached skill level 5 in Evocations
 22219 | Lair:6   | Noticed a dire elephant
 22239 | Lair:6   | Killed a dire elephant
 23018 | Lair:6   | Got an iridescent great sword
 23024 | Lair:6   | Identified the +6 great sword of Drought {slice, rPois
                  | Dex+7} (You found it on level 6 of the Lair of Beasts)
 23831 | Orc:1    | Entered Level 1 of the Orcish Mines
 23831 | Orc:1    | Noticed an orc warlord
 24373 | D:11     | Killed an orc warlord
 24374 | D:11     | HP: 4/108 [orc sorcerer/+0 dagger (7)]
 24852 | Orc:1    | Found a roughly hewn altar of Beogh.
 24858 | Orc:1    | Reached skill level 15 in Invocations
 25465 | Orc:2    | Entered Level 2 of the Orcish Mines
 25465 | Orc:2    | Found Rukegewn's Distillery.
 25705 | Snake:1  | Entered Level 1 of the Snake Pit
 25715 | Snake:1  | Reached XP level 14. HP: 100/115 MP: 23/25
 25849 | Snake:1  | Identified 2 scrolls of acquirement
 27511 | Snake:2  | Noticed a nagaraja
 27519 | Snake:2  | Killed a nagaraja
 27540 | Snake:2  | Reached skill level 5 in Armour
 27794 | Snake:2  | Reached skill level 1 in Stealth
 27889 | Snake:2  | Reached skill level 5 in Dodging
 29699 | Snake:3  | Found Vegaizae's Food Boutique.
 29703 | Snake:3  | Found Houvosch's Weapon Boutique.
 29705 | Snake:3  | Found Ikyev's Food Boutique.
 29705 | Snake:3  | Found Doroeniyll's Antique Armour Boutique.
 30103 | Snake:3  | Reached skill level 5 in Stealth
 30554 | D:13     | Found a bloodstained altar of Trog.
 30554 | D:13     | Identified the +8 great mace of Magnificence {drain, rPois
                  | Str+3 Int+4}
 30809 | D:13     | Found a gate to the Vaults.
 31254 | D:13     | Reached XP level 15. HP: 113/120 MP: 26/26
 31671 | D:13     | Found a transporter.
 31686 | D:13     | Noticed digijack's ghost (journeyman DsBe)
 31992 | D:14     | Found a glowing golden altar of the Shining One.
 33663 | D:15     | Entered Level 15 of the Dungeon
 34398 | D:15     | Found Tima's Weapon Shoppe.
 34815 | D:15     | Found a staircase to the Depths.
 35016 | D:10     | Bought a scroll of teleportation for 33 gold pieces
 35446 | Snake:3  | Reached skill level 5 in Shields
 35453 | Snake:3  | Noticed a nagaraja
 35465 | Snake:3  | Killed a nagaraja
 36412 | Snake:3  | Gained mutation: You are completely covered in large bone
                  | plates. (SH +8) [demonic ancestry]
 36412 | Snake:3  | Reached XP level 16. HP: 115/127 MP: 24/27
 37266 | Snake:4  | Entered Level 4 of the Snake Pit
 37613 | Snake:4  | HP: 2/127 [naga sharpshooter/bolt (15)]
 38874 | Snake:4  | Reached skill level 10 in Shields
 39223 | Orc:2    | Found Estriethri's Book Shop.
 39304 | Orc:2    | Found a runed door.
 39349 | Orc:2    | Found a staircase to the Elven Halls.
 39360 | Orc:2    | Found a runed door.
 39362 | Orc:2    | Found the +10 large shield of Ignorance {rN+ Int-4}
 39797 | Orc:2    | Found a shimmering altar of Xom.
 39831 | Orc:2    | Found Doecounkiss's Weapon Boutique.
 40121 | Orc:2    | HP: 3/127 [sixfirhy[an orc high priest] (10)]
 41650 | Orc:2    | Found Oxowkeg's Weapon Shoppe.
 41650 | Orc:2    | Found Wuzod's Magic Scroll Shoppe.
 41651 | Orc:2    | Found Lulepic's Distillery.
 41651 | Orc:2    | Found Ganousm's Weapon Shoppe.
 41659 | Orc:2    | Bought a potion of heal wounds for 80 gold pieces
 41659 | Orc:2    | Bought a potion of heal wounds for 80 gold pieces
 41676 | Orc:2    | Bought 2 scrolls of enchant weapon for 225 gold pieces
 41677 | Orc:2    | Bought a +0 quick blade for 210 gold pieces
 41763 | Elf:1    | Entered Level 1 of the Elven Halls
 42684 | Elf:1    | Found Sessim's Jewellery Shop.
 42692 | Elf:1    | Bought the ring of Mofuxoc {Str+3 Int+4 Dex+4 Slay+3} for
                  | 885 gold pieces
 43513 | Elf:2    | Gained mutation: You regenerate health from kills. [demonic
                  | ancestry]
 43513 | Elf:2    | Reached XP level 17. HP: 133/133 MP: 28/28
 43515 | Elf:2    | Found a runed gate.
 43515 | Elf:2    | Found a runed gate.
 43526 | Elf:2    | Found a runed gate.
 43632 | Elf:2    | Noticed a deep elf blademaster
 43641 | Elf:2    | Killed a deep elf blademaster
 43991 | Elf:3    | Entered Level 3 of the Elven Halls
 44474 | Elf:3    | Cast into level 3 of the Abyss (a deep elf demonologist)
 44689 | Abyss:4  | Noticed a hellephant
 44697 | Abyss:4  | Noticed a lich
 44715 | Abyss:4  | Killed a lich
 44962 | Abyss:4  | Reached skill level 15 in Shields
 45068 | Elf:3    | Escaped the Abyss
 45073 | Elf:3    | Noticed a Hell Sentinel
 45076 | Elf:3    | Noticed an Ice Fiend
 45078 | Elf:3    | Noticed a deep elf blademaster
 45530 | Elf:3    | Killed a deep elf blademaster
 45613 | Elf:3    | Found Siorofof's Food Shoppe.
 45946 | Elf:3    | Noticed a deep elf master archer
 45952 | Elf:3    | Reached XP level 18. HP: 127/140 MP: 29/29
 46012 | Elf:3    | Identified the +2 double sword of the Wasteland {flame, rN+
                  | Str+5}
 46012 | Elf:3    | Identified the -4 buckler of the Komodo Dragon {Slay+2}
 46293 | Elf:3    | Identified the Guide on Harmful Bewitchment
 46303 | Elf:3    | Identified Sif Muna's Volume of Shifting Toxins
 46323 | Elf:3    | Identified Nyuzew's Incunabulum of Snow
 46578 | Elf:3    | Got a heavily runed plate armour
 46598 | Elf:3    | Got a distressingly furry plate armour
 46609 | Elf:3    | Identified the +6 plate armour of Narcissism {-Tele Regen+
                  | Str+8} (You found it on level 3 of the Elven Halls)
 46619 | Elf:3    | Identified the cursed +0 plate armour "Goebevvy" {rC+
                  | Int+4} (You found it on level 3 of the Elven Halls)
 46930 | Depths:1 | Entered Level 1 of the Depths
 46933 | Depths:1 | Noticed a tentacled monstrosity
 47503 | Snake:4  | Got a serpentine rune of Zot
 48323 | Shoals:1 | Entered Level 1 of the Shoals
 48481 | Shoals:1 | Found a runed door.
 48503 | Shoals:1 | Found a shimmering altar of Xom.
 48503 | Shoals:1 | Noticed Uryvooli's ghost (adept MfBe)
 48503 | Shoals:1 | Identified the cursed +1 quarterstaff of Butchery {chaos,
                  | +Fly Int+4 Dex+3}
 48586 | Shoals:1 | Killed Uryvooli's ghost
 48590 | Shoals:1 | Got a twitching marble ring
 48631 | Shoals:1 | Reached skill level 15 in Long Blades
 48724 | Shoals:1 | Identified the ring "Mijingai" {rElec rF+ Str+5} (You found
                  | it on level 1 of the Shoals)
 49223 | Shoals:2 | Found a hide-covered altar of Uskayaw.
 49439 | Shoals:2 | Gained mutation: You are immune to clouds of flame.
                  | [demonic ancestry]
 49439 | Shoals:2 | Reached XP level 19. HP: 146/146 MP: 30/30
 49869 | Shoals:3 | Found Wouquc's Antique Armour Emporium.
 50023 | Shoals:3 | Reached skill level 10 in Armour
 50620 | Shoals:4 | Entered Level 4 of the Shoals
 50811 | Shoals:4 | Identified Sif Muna's Reference Book on Ghastly Flight
 51204 | Shoals:4 | Found Lats's Antique Armour Boutique.
 51486 | Shoals:4 | Got a barnacled rune of Zot
 52028 | Vaults:1 | Entered Level 1 of the Vaults
 52085 | Vaults:1 | Found the cursed +14 obsidian axe {chop, +Fly SInv *Curse}
 52715 | Vaults:1 | Gained mutation: You can hurl damnation. [demonic ancestry]
 52715 | Vaults:1 | Reached XP level 20. HP: 153/153 MP: 31/31
 53291 | Vaults:2 | Noticed Sojobo
 53306 | Vaults:2 | Reached skill level 15 in Armour
 53311 | Vaults:2 | Killed Sojobo
 54655 | Vaults:2 | Found a staircase to the Crypt.
 55345 | Vaults:3 | Noticed Rupert
 55350 | Vaults:3 | Noticed Agnes
 55360 | Vaults:3 | Killed Rupert
 55362 | Vaults:3 | Killed Agnes
 55362 | Vaults:3 | Reached XP level 21. HP: 159/159 MP: 32/32
 55400 | Vaults:3 | Noticed Margery
 55412 | Vaults:3 | Killed Margery
 55984 | Vaults:3 | Found Tuh Wuf's Antique Weapon Boutique.
 56306 | Vaults:4 | Noticed Boris
 56370 | Vaults:4 | Killed Boris
 56748 | Snake:3  | Bought glowing shadow dragon scales for 2988 gold pieces
 57521 | Vaults:4 | Noticed Frederick
 57535 | Vaults:4 | Killed Frederick
 58249 | Vaults:5 | Entered Level 5 of the Vaults
 58265 | Vaults:5 | Gained mutation: A powerful demonic guardian rushes to your
                  | aid. [demonic ancestry]
 58265 | Vaults:5 | Reached XP level 22. HP: 170/172 MP: 30/33
 58302 | Vaults:5 | Got a transparent ivory ring
 58544 | Vaults:5 | Noticed an ancient lich
 58553 | Vaults:5 | Killed an ancient lich
 58553 | Vaults:5 | Reached skill level 15 in Fighting
 58652 | Vaults:5 | Noticed an ancient lich
 58679 | Vaults:5 | Gained mutation: You are clumsy. (Dex -2) [a cacodemon]
 58697 | Vaults:5 | Killed an ancient lich
 58775 | Vaults:5 | Identified the ring of Wiema {*Contam rF+ Str+2 Dex+5} (You
                  | found it on level 5 of the Vaults)
 58908 | Vaults:5 | Got a silver rune of Zot
 59336 | Vaults:5 | Found the +5 demon whip "Spellbinder" {antimagic, MR+}
 59567 | Vaults:5 | Noticed a golden dragon
 59584 | Vaults:5 | Killed a golden dragon
 59587 | Vaults:5 | Reached XP level 23. HP: 164/185 MP: 34/34
 59619 | Vaults:5 | Noticed an ancient lich
 59647 | Vaults:5 | Paralysed by an ancient lich for 2 turns
 59649 | Vaults:5 | Killed an ancient lich
 60005 | Shoals:3 | Bought a pair of embroidered gloves for 217 gold pieces
 60005 | Shoals:3 | Bought a glowing hat for 203 gold pieces
 60738 | Depths:1 | Found a gateway to Hell.
 60800 | Depths:1 | Found Iclil's Food Boutique.
 60800 | Depths:1 | Found Xiaqeosi's Food Shop.
 60801 | Depths:1 | Paralysed by a sphinx for 2 turns
 61446 | Depths:1 | Found a one-way gate leading to the halls of Pandemonium.
 62182 | Depths:2 | Reached XP level 24. HP: 198/198 MP: 35/35
 62402 | Depths:2 | Noticed Saint Roka
 62434 | Depths:2 | Killed Saint Roka
 63233 | Depths:3 | Identified the Incunabulum of Blistering Ice
 64543 | Depths:4 | Gained mutation: You are dopey. (Int -2) [a shining eye]
 64828 | Depths:4 | Found a gateway to a ziggurat.
 64902 | Depths:4 | Found a one-way gate to the infinite horrors of the Abyss.
 65064 | Depths:4 | Identified Xejihuwk's Compendium of Noxious Conjuration
 65534 | Depths:5 | Entered Level 5 of the Depths
 65661 | Depths:5 | Gained mutation: You regenerate a lot of health from kills.
                  | [demonic ancestry]
 65661 | Depths:5 | Reached XP level 25. HP: 162/208 MP: 28/36
 66066 | Depths:5 | Found a gate to the Realm of Zot.
 67334 | Depths:5 | Voluntarily entered the Abyss.
 67508 | Abyss:1  | Gained mutation: You are very clumsy. (Dex -4) [a neqoxec]
 68480 | Abyss:3  | Lost mutation: You are dopey. (Int -2) [potion of mutation]
 68480 | Abyss:3  | Lost mutation: You are very clumsy. (Dex -4) [potion of
                  | mutation]
 68480 | Abyss:3  | Lost mutation: You are clumsy. (Dex -2) [potion of
                  | mutation]
 68480 | Abyss:3  | Gained mutation: Your system is resistant to poisons.
                  | (rPois) [potion of mutation]
 68480 | Abyss:3  | Gained mutation: Your flesh is cold resistant. (rC+)
                  | [potion of mutation]
 69392 | Abyss:3  | Reached XP level 26. HP: 136/215 MP: 23/36
 69608 | Abyss:4  | Reached skill level 10 in Stealth
 69780 | Abyss:5  | Entered Level 5 of the Abyss
 69809 | Abyss:5  | Found a hazy altar of Hepliaklqana.
 70190 | Abyss:5  | Got an abyssal rune of Zot
 70296 | Depths:5 | Escaped the Abyss
 70808 | Slime:1  | Entered Level 1 of the Pits of Slime
 71614 | Slime:5  | Entered Level 5 of the Pits of Slime
 71637 | Slime:5  | Noticed the Royal Jelly
 71639 | Slime:5  | Found a viscous altar of Jiyva.
 71647 | Slime:5  | Killed the Royal Jelly
 71830 | Slime:5  | Got a slimy rune of Zot
 71848 | Slime:5  | Got an ancient platinum ring
 71895 | Slime:5  | Got a crude pewter ring
 72042 | Slime:5  | Got a pair of ichor-stained gloves
 72053 | Slime:5  | Identified the +0 pair of gloves of Inevitability {Int+4
                  | SInv} (You found it on level 5 of the Pits of Slime)
 72064 | Slime:5  | Identified the ring "Esuhid" {rF+ MP+9 Int+2} (You found it
                  | on level 5 of the Pits of Slime)
 72065 | Slime:5  | Identified the ring "Ickocurr" {Fire rElec rN+ Str+2} (You
                  | found it on level 5 of the Pits of Slime)
 72110 | Slime:5  | Gained mutation: Your body sometimes deteriorates upon
                  | taking damage. [a shining eye]
 72111 | Slime:5  | Gained mutation: Scrolls take you a little longer to read.
                  | [a shining eye]
 72691 | Crypt:1  | Entered Level 1 of the Crypt
 73096 | Crypt:1  | Reached skill level 10 in Dodging
 73898 | Crypt:2  | Reached XP level 27. HP: 223/223 MP: 32/37
 74116 | Crypt:2  | Identified the Compendium of Stolen Souls
 74594 | Crypt:3  | Entered Level 3 of the Crypt
 75131 | Crypt:3  | Noticed Xtahua
 75151 | Crypt:3  | Killed Xtahua
 75199 | Crypt:3  | Lost mutation: Your flesh is cold resistant. (rC+) [potion
                  | of mutation]
 75199 | Crypt:3  | Lost mutation: Your system is resistant to poisons. (rPois)
                  | [potion of mutation]
 75199 | Crypt:3  | Lost mutation: Scrolls take you a little longer to read.
                  | [potion of mutation]
 75199 | Crypt:3  | Lost mutation: Your body sometimes deteriorates upon taking
                  | damage. [potion of mutation]
 75199 | Crypt:3  | Gained mutation: Your muscles are strong. (Str +2) [potion
                  | of mutation]
 75199 | Crypt:3  | Gained mutation: You do not regenerate when monsters are
                  | visible. [potion of mutation]
 75199 | Crypt:3  | Gained mutation: Your mind is acute. (Int +2) [potion of
                  | mutation]
 75200 | Crypt:3  | Lost mutation: You do not regenerate when monsters are
                  | visible. [potion of mutation]
 75200 | Crypt:3  | Gained mutation: Your body sometimes deteriorates upon
                  | taking damage. [potion of mutation]
 75200 | Crypt:3  | Gained mutation: You are robust. (+10% HP) [potion of
                  | mutation]
 75510 | Crypt:3  | Found an ancient bone altar of Kikubaaqudgha.
 75538 | Crypt:3  | Noticed an ancient lich
 75594 | Crypt:3  | Killed an ancient lich
 75594 | Crypt:3  | Reached skill level 15 in Dodging
 75605 | Crypt:3  | Found the macabre finger necklace {rN+}
 75623 | Crypt:3  | Identified the Disquisition on the Voyage and Lightness
 75982 | Crypt:3  | Got a sparkling golden amulet
 76311 | Crypt:3  | Found a staircase to the Tomb.
 76391 | Crypt:3  | Identified the amulet "Zipsopp" {Harm *Drain +Blink rPois
                  | rF+ Str-4} (You found it on level 3 of the Crypt)
 76475 | Tomb:1   | Entered Level 1 of the Tomb of the Ancients
 76575 | Tomb:1   | Paralysed by a sphinx for 4 turns
 76594 | Tomb:1   | Noticed Jory
 76628 | Tomb:1   | Killed Jory
 77118 | Tomb:1   | Noticed a greater mummy
 77134 | Tomb:1   | Noticed a greater mummy
 77135 | Tomb:1   | Killed a greater mummy
 77158 | Tomb:1   | Killed a greater mummy
 77193 | Tomb:1   | Reached skill level 15 in Stealth
 77341 | Tomb:1   | Noticed a greater mummy
 77355 | Tomb:1   | Killed a greater mummy
 77359 | Tomb:1   | Noticed a greater mummy
 77368 | Tomb:1   | Killed a greater mummy
 77978 | Tomb:2   | Noticed a greater mummy
 77978 | Tomb:2   | Noticed a greater mummy
 77982 | Tomb:2   | Noticed a greater mummy
 77986 | Tomb:2   | Noticed a greater mummy
 77992 | Tomb:2   | Noticed a greater mummy
 77996 | Tomb:2   | Killed a greater mummy
 78012 | Tomb:2   | Killed a greater mummy
 78020 | Tomb:2   | Killed a greater mummy
 78041 | Tomb:2   | Killed a greater mummy
 78046 | Tomb:2   | Killed a greater mummy
 78449 | Tomb:1   | Noticed a greater mummy
 78449 | Tomb:1   | Noticed a greater mummy
 78464 | Tomb:1   | Killed a greater mummy
 78470 | Tomb:1   | Killed a greater mummy
 78470 | Tomb:1   | Noticed a greater mummy
 78473 | Tomb:1   | Noticed a greater mummy
 78478 | Tomb:1   | Noticed a greater mummy
 78515 | Tomb:1   | Killed a greater mummy
 78528 | Tomb:1   | Noticed a greater mummy
 78531 | Tomb:1   | Killed a greater mummy
 78538 | Tomb:1   | Killed a greater mummy
 78540 | Tomb:1   | Killed a greater mummy
 78660 | Tomb:1   | Noticed a greater mummy
 78717 | Tomb:1   | Noticed a greater mummy
 78732 | Tomb:1   | Killed a greater mummy
 78785 | Tomb:1   | Killed a greater mummy
 78890 | Tomb:1   | Noticed a greater mummy
 78891 | Tomb:1   | Noticed a greater mummy
 78899 | Tomb:1   | Killed a greater mummy
 78903 | Tomb:1   | Killed a greater mummy
 79140 | Tomb:1   | Noticed a greater mummy
 79152 | Tomb:1   | Noticed a greater mummy
 79166 | Tomb:1   | Killed a greater mummy
 79174 | Tomb:1   | Killed a greater mummy
 79174 | Tomb:1   | Noticed a greater mummy
 79177 | Tomb:1   | Noticed a greater mummy
 79224 | Tomb:1   | Killed a greater mummy
 79309 | Tomb:1   | Killed a greater mummy
 79579 | Tomb:1   | Noticed a greater mummy
 79762 | Tomb:1   | Killed a greater mummy
 79849 | Tomb:1   | Noticed a greater mummy
 79858 | Tomb:1   | Killed a greater mummy
 80276 | Tomb:1   | Noticed a greater mummy
 80299 | Tomb:1   | Killed a greater mummy
 80590 | Tomb:1   | Noticed a greater mummy
 80603 | Tomb:1   | Killed a greater mummy
 80817 | Tomb:2   | Identified the +3 scale mail of Slovenliness {rN+ Dex+7}
 80967 | Tomb:3   | Entered Level 3 of the Tomb of the Ancients
 81031 | Tomb:3   | Noticed a greater mummy
 81041 | Tomb:3   | Noticed an ancient lich
 81052 | Tomb:3   | Noticed a greater mummy
 81055 | Tomb:3   | Killed a greater mummy
 81069 | Tomb:3   | Killed an ancient lich
 81081 | Tomb:3   | Killed a greater mummy
 81171 | Tomb:3   | Got a translucent helmet
 81172 | Tomb:3   | Identified the -5 helmet of Fashionability {Str+4 Dex+4}
                  | (You found it on level 3 of the Tomb of the Ancients)
 81175 | Tomb:3   | Got a crude platinum ring
 81176 | Tomb:3   | Identified the ring of Koxzisoa {rC+ Dex+3 Stlth-} (You
                  | found it on level 3 of the Tomb of the Ancients)
 81182 | Tomb:3   | Got a bound ivory ring
 81184 | Tomb:3   | Identified the ring "Kerip" {MR+ SInv} (You found it on
                  | level 3 of the Tomb of the Ancients)
 81190 | Tomb:3   | Got a steaming long sword
 81191 | Tomb:3   | Identified the +6 long sword "Misism" {freeze, Str+5} (You
                  | found it on level 3 of the Tomb of the Ancients)
 81375 | Tomb:3   | Noticed an ancient lich
 81386 | Tomb:3   | Killed an ancient lich
 81771 | Tomb:3   | Noticed a greater mummy
 81774 | Tomb:3   | Killed a greater mummy
 82005 | Tomb:3   | Noticed a greater mummy
 82014 | Tomb:3   | Killed a greater mummy
 82046 | Tomb:3   | Noticed an ancient lich
 82073 | Tomb:3   | Killed an ancient lich
 82178 | Tomb:3   | Noticed Khufu
 82179 | Tomb:3   | Noticed a greater mummy
 82190 | Tomb:3   | Killed Khufu
 82193 | Tomb:3   | Killed a greater mummy
 82294 | Tomb:3   | Got a golden rune of Zot
 82796 | D:15     | Bought the +8 broad axe of Exoneration {flame, rElec rC+
                  | Str+4 Dex-3} for 1265 gold pieces
 82888 | Hell     | Entered the Vestibule of Hell
 82888 | Hell     | Noticed Geryon
 82899 | Hell     | Reached skill level 1 in Axes
 82949 | Hell     | Killed Geryon
 83025 | Hell     | Found a gateway to the ashen valley of Gehenna.
 83077 | Hell     | Reached skill level 5 in Axes
 83099 | Hell     | Found a gateway to the Iron City of Dis.
 83164 | Hell     | Found a gateway to the freezing wastes of Cocytus.
 83337 | Hell     | Found a gateway to the decaying netherworld of Tartarus.
 83489 | Dis:1    | Entered Level 1 of the Iron City of Dis
 84434 | Dis:1    | Reached skill level 10 in Axes
 87678 | Dis:4    | Lost mutation: You are robust. (+10% HP) [mutagenic glow]
 87693 | Dis:4    | Reached skill level 15 in Axes
 87731 | Dis:4    | Gained mutation: You tend to lose your temper in combat.
                  | [mutagenic glow]
 87763 | Dis:4    | Lost mutation: Your muscles are strong. (Str +2) [potion of
                  | mutation]
 87763 | Dis:4    | Lost mutation: You tend to lose your temper in combat.
                  | [potion of mutation]
 87763 | Dis:4    | Gained mutation: You have a pair of small horns on your
                  | head. [potion of mutation]
 87763 | Dis:4    | Lost mutation: You have a pair of small horns on your head.
                  | [potion of mutation]
 87763 | Dis:4    | Gained mutation: You are resistant to electric shocks.
                  | (rElec) [potion of mutation]
 87793 | Dis:4    | Gained mutation: Your magical capacity is low. (-10% MP)
                  | [mutagenic glow]
 87858 | Dis:4    | Gained mutation: Your muscles are strong. (Str +2)
                  | [mutagenic glow]
 87965 | Dis:4    | Gained mutation: Scrolls take you a little longer to read.
                  | [mutagenic glow]
 88538 | Dis:5    | Gained mutation: Your magical capacity is very low. (-20%
                  | MP) [a cacodemon]
 90334 | Dis:7    | Entered Level 7 of the Iron City of Dis
 90814 | Dis:7    | Gained mutation: You passively map a small area around you.
                  | [mutagenic glow]
 90872 | Dis:7    | Gained mutation: You are frail. (-10% HP) [mutagenic glow]
 91005 | Dis:7    | Identified the Guide on Helpful Envenoming
 91022 | Dis:7    | Lost mutation: Scrolls take you a little longer to read.
                  | [potion of mutation]
 91022 | Dis:7    | Lost mutation: Your magical capacity is very low. (-20% MP)
                  | [potion of mutation]
 91022 | Dis:7    | Lost mutation: You are resistant to electric shocks.
                  | (rElec) [potion of mutation]
 91022 | Dis:7    | Gained mutation: Your spells are a little harder to cast,
                  | but a little more powerful. [potion of mutation]
 91022 | Dis:7    | Gained mutation: You are agile. (Dex +2) [potion of
                  | mutation]
 91023 | Dis:7    | Lost mutation: You are frail. (-10% HP) [potion of
                  | mutation]
 91023 | Dis:7    | Lost mutation: Your mind is acute. (Int +2) [potion of
                  | mutation]
 91023 | Dis:7    | Gained mutation: You are somewhat resistant to further
                  | mutation. [potion of mutation]
 91777 | Dis:7    | Slain by a reaper

Vault maps used:
D:1:      saegor_arrival_simple_e
D:5:      ebering_ghost_sewer_d, first_ration, minmay_misc_feat_chi
D:6:      kennysheep_spiral_hall, minmay_temple_entry_statues,
          cheibrodos_sewer_entry_drain, serial_shops, shop, shop_statue
D:7:      corexii_shack_village
D:8:      dpeg_oklobed_lair, serial_shops, shop, shop_statue,
          nrook_pool_corridor, xom_confusion_cloud
D:9:      led_sif_book
D:10:     serial_shops, shop, uniq_maurice
D:11:     erik_orc_2, uniq_harold
D:13:     lightli_vaults_fourway_checkpoint, gammafunk_ghost_wrathful_warriors,
          portal_ice_cave_entry_animals_and_master
D:14:     the_bakery, tso_metal_star
D:15:     grunt_enter_depths_magical_seal, serial_shops,
          nicolae_shop_waterfront, nrook_campfire, st_stairs_3
Temple:   regret_index_temple_sigil_plot
Lair:2:   minmay_another_anthill
Lair:3:   minmay_shoals_entry_beasts, hangedman_lair_generics_rect,
          lemuel_fruit_fields, lemuel_fruit_fields, lemuel_fruit_tree,
          lemuel_fruit_fields, minmay_lair_oklob_chamber, lemuel_fruit_fields
Lair:4:   minmay_snake_entry_six_corridors, serial_bayou, serial_bayou_pond_c,
          serial_bayou_pond_e, serial_bayou_pond_e, serial_bayou_crossing,
          serial_bayou_pond_c, serial_bayou_pond_c,
          chequers_serial_rivers_micro_d
Lair:5:   slime_altar_1, uniq_snorg
Lair:6:   grunt_lair_end_beastmaster, serial_rivers,
          chequers_serial_rivers_room_b, chequers_serial_rivers_small_3,
          chequers_serial_rivers_small_3, chequers_serial_rivers_room_a,
          uniq_josephine
Shoals:1: ebering_ghost_xom
Shoals:2: regret_index_shoals_crete
Shoals:3: serial_shops, shop
Shoals:4: shoals_end_grunt_ice, serial_shops, shop
Snake:1:  corexii_hall_statues_s
Snake:2:  corexii_hall_statues_u, spider_trap
Snake:3:  minmay_shop_grid_forest, serial_bayou_lagoon_a
Snake:4:  snake_pit
Slime:3:  cheibrodos_slime_lost_civilization_6
Orc:1:    basic_altar
Orc:2:    st_orc_pillars, serial_shops, shop, nicolae_shop_waterfront, shop,
          basic_altar, chequers_guarded_unrand_ignorance
Elf:1:    minmay_elf_arrival_summoners, serial_shops, shop,
          kennysheep_underground_church
Elf:3:    minmay_elf_hall_four_x, serial_shops, shop
Vaults:1: ontoclasm_vaults_ligature, grunt_vaults_twisty,
          hangedman_vaults_locks, vaults_room_grunt_arrival_ludios,
          nicolae_vaults_specimen_jars, v_misc_5, vaults_dpeg_ring,
          hangedman_vaults_maws, ontoclasm_vaults_tryst,
          nicolae_vaults_diagonal_hallway_6, nicolae_vaults_rhombus_7,
          vaults_room_pools
Vaults:2: v_rooms_3, ontoclasm_vaults_shuriken, vaults_room_guarded_vault,
          nicolae_vaults_network_star, nicolae_vaults_mini_display_case,
          grunt_vaults_hallway_long, v_pattern_3,
          vaults_room_grunt_arrival_checkpoint, ontoclasm_vaults_loading_screen,
          minmay_crypt_entry_skeletal_spiral, uniq_sojobo
Vaults:3: vaults_room_semicircle, nicolae_vaults_twisting_passages, v_rooms_5,
          v_misc_29, vaults_room_semicircle, v_misc_33, v_alt_pattern_1,
          nicolae_vaults_little_squares_1, vaults_room_hallway,
          nicolae_vaults_ring_of_whatevers, hangedman_vaults_stagger,
          sword_in_stone, serial_shops, shop, uniq_margery
Vaults:4: nicolae_vaults_little_squares_3, ontoclasm_vaults_fault, kb_rosetta,
          v_rooms_4, v_rooms_6, nicolae_vaults_little_squares_3,
          vaults_mumra_hexcomb, vaults_mumra_chevron, nicolae_vaults_what_the_h,
          hangedman_vaults_maws, ontoclasm_vaults_bender,
          nicolae_vaults_border_crossing, grunt_vaults_diagonal,
          nicolae_vaults_theta, ontoclasm_vaults_loading_screen, uniq_frederick,
          uniq_boris
Crypt:1:  grunt_crypt_arrival_webbed
Crypt:2:  special_room, st_stairs_5, tombwall_bobbens
Crypt:3:  church_of_pain_bobbens, tomb_entry_shell_bobbens, stair_cage_line,
          hex_large, uniq_xtahua
Tomb:1:   uniq_jory
Depths:1: rand_demon_pan_entry_7, serial_bayou_pond_c, hell_entry, special_room,
          evilmike_ambush, minmay_shoptagon
Depths:2: minmay_dotted_concentric_squares, marbit_kobold_abyss_entry,
          grunt_hell_entry_dis_mu, chequers_serial_rivers_micro_a, st_stairs_14,
          uniq_saint_roka
Depths:3: minmay_the_grid_square_5x5_3x3, rand_demon_pan_entry_9,
          grunt_hell_horde, hangedman_abyss_or_decor_slice
Depths:4: hangedman_crystal_crosses_colossus, abyss_entry, hell_entry, pan_entry
Depths:5: lemuel_castle_with_subvaults, serial_glass, glass_columns_a,
          glass_columns_b, glass_columns_c, glass_columns_c, glass_columns_b,
          glass_columns_a, glass_columns_b, glass_columns_a, glass_columns_c,
          glass_columns_a, pf_coc_iceberg, mu_enter_wizlab_2,
          minmay_curled_crystal, abyss_entry
Dis:2:    nrook_loot_triangle
Dis:4:    hangedman_player_shredder
Dis:7:    dis_st
Abyss:1:  hangedman_eye_storm
Abyss:3:  evilmike_abyss_exit_8, evilmike_abyss_exit_10,
          hangedman_abyss_or_decor_clamps, bh_silent_lugonu_exit
Abyss:4:  evilmike_abyss_rune_elephants_shrine
Abyss:5:  evilmike_abyss_exit_6, grunt_abyss_rune_wretched_hive,
          evilmike_abyss_exit_13, minivault_26
Sewer:    sewer_sea

Skill      XL: |  1  2  3  4  5  6  7  8  9 10 11 12 13 14 15 16 17 18 19 20 21 22 23 24 25 26 27 |
---------------+----------------------------------------------------------------------------------+-----
Long Blades    | 3 4 5 6 7 8 9 11 12 14 15 16 | 16.0
Invocations    | 1 4 7 10 11 12 13 15 16 18 19 21 25 | 25.5
Fighting       | 3 4 6 8 10 12 14 16 18 19 20 | 20.7
Shields        | 3 4 6 12 16 17 18 19 20 21 22 23 24 25 | 25.0
Armour         | 3 6 8 9 14 17 18 | 18.2
Evocations     | 3 6 |  6.0
Dodging        | 6 8 11 16 | 16.7
Stealth        | 6 9 13 19 | 19.3
Axes           | 18 | 18.0
Throwing       | |  1.7

Action                   |  1- 3 |  4- 6 |  7- 9 | 10-12 | 13-15 | 16-18 | 19-21 | 22-24 | 25-27 || total
-------------------------+-------+-------+-------+-------+-------+-------+-------+-------+-------++-------
Melee: Long sword        |   121 |   209 |   389 |   183 |       |       |       |       |       ||   902
       Kick              |    20 |    42 |   156 |   200 |   570 |   643 |   954 |   754 |  3517 ||  6856
       Scimitar          |       |       |       |   718 |  1295 |   508 |       |       |       ||  2521
       Great sword       |       |       |       |       |    91 |       |       |       |       ||    91
       Quick blade       |       |       |       |       |       |  1039 |  1718 |   987 |  4148 ||  7892
       Demon blade       |       |       |       |       |       |       |       |   317 |   771 ||  1088
       Broad axe         |       |       |       |       |       |       |       |       |   647 ||   647
Invok: Stomp             |       |       |       |     3 |       |     2 |       |       |     4 ||     9
       Grand Finale      |       |       |       |       |     1 |       |     2 |       |     5 ||     8
       Line Pass         |       |       |       |       |     1 |     1 |       |       |    11 ||    13
 Abil: Hurl Damnation    |       |       |       |       |       |       |     1 |       |    16 ||    17
  Use: Potion            |       |       |     4 |     3 |     3 |     7 |       |       |    17 ||    34
       Scroll            |       |       |     2 |     8 |    22 |    24 |    16 |    13 |    14 ||    99
 Stab: Paralysed         |       |     1 |    17 |    62 |   109 |    91 |   137 |   128 |   421 ||   966
       Invisible         |       |       |     2 |     1 |       |       |       |       |       ||     3
       Distracted        |       |       |     1 |     4 |    10 |     7 |    10 |     8 |    55 ||    95
       Sleeping          |       |       |       |       |     3 |    10 |     7 |    27 |    97 ||   144
       Confused          |       |       |       |       |     2 |       |       |       |    14 ||    16
  Eat: Chunk             |     3 |     6 |    20 |    34 |    39 |    26 |    32 |    19 |    27 ||   206
       Ration            |       |       |       |     1 |     4 |     5 |       |     1 |    22 ||    33
Armor: Leather armour    |    42 |    47 |    68 |    27 |       |       |       |       |       ||   184
       Chain mail        |       |       |       |   107 |       |       |       |       |       ||   107
       Quicksilver drago |       |       |       |   112 |   353 |   149 |       |       |       ||   614
       Plate armour      |       |       |       |       |       |    48 |   121 |       |       ||   169
       Shadow dragon sca |       |       |       |       |       |       |    11 |   156 |   455 ||   622
Dodge: Dodged            |    89 |   122 |   195 |   296 |   367 |   241 |   107 |   148 |   639 ||  2204
Block: Other             |       |    42 |       |       |    30 |       |       |       |       ||    72
       Buckler           |       |     5 |   235 |   460 |   477 |       |       |       |       ||  1177
       Shield            |       |       |       |       |    79 |   481 |       |       |       ||   560
       Large shield      |       |       |       |       |       |   771 |  1218 |   974 |  4252 ||  7215
       Rpst.: Long sword |    31 |    39 |    64 |    24 |       |       |       |       |       ||   158
       Scimitar          |       |       |       |    53 |    81 |    43 |       |       |       ||   177
       Great sword       |       |       |       |       |    16 |       |       |       |       ||    16
       Demon blade       |       |       |       |       |       |       |       |    13 |    13 ||    26

Table legend:
 A = Non-vault XP
 B = Vault XP
 C = Vault XP percentage of total XP
 D = Non-vault monster count
 E = Vault monster count
 F = Vault count percentage of total count
                 A         B        C        D         E       F
            +---------+---------+-------+---------+---------+-------
      Total | 1174218 | 1243941 |  51.4 |    2419 |    1336 |  35.6
            +---------+---------+-------+---------+---------+-------
        D:1 |      31 |       0 |   0.0 |      20 |       0 |   0.0
        D:2 |      55 |       0 |   0.0 |      23 |       0 |   0.0
        D:3 |      61 |       0 |   0.0 |      19 |       0 |   0.0
        D:4 |     379 |       0 |   0.0 |      17 |       0 |   0.0
        D:5 |     411 |     452 |  52.4 |       8 |       4 |  33.3
        D:6 |     687 |      47 |   6.4 |      23 |       6 |  20.7
        D:7 |     484 |      23 |   4.5 |      16 |      12 |  42.9
        D:8 |    1878 |     181 |   8.8 |      39 |       2 |   4.9
        D:9 |    1262 |       0 |   0.0 |      24 |       0 |   0.0
       D:10 |    1803 |     235 |  11.5 |      33 |       1 |   2.9
       D:11 |    4824 |    1462 |  23.3 |      37 |      19 |  33.9
       D:12 |    5231 |       0 |   0.0 |      31 |       0 |   0.0
       D:13 |    6392 |    6299 |  49.6 |      30 |      19 |  38.8
       D:14 |   14079 |     215 |   1.5 |      41 |       1 |   2.4
       D:15 |   16454 |    6541 |  28.4 |      49 |      13 |  21.0
     Lair:1 |    2292 |       0 |   0.0 |      10 |       0 |   0.0
     Lair:2 |    5427 |    1507 |  21.7 |      18 |      19 |  51.4
     Lair:3 |    2787 |    2245 |  44.6 |      18 |       8 |  30.8
     Lair:4 |    2129 |    1761 |  45.3 |       9 |      16 |  64.0
     Lair:5 |    7555 |     899 |  10.6 |      32 |       1 |   3.0
     Lair:6 |    6827 |    8846 |  56.4 |      33 |      21 |  38.9
   Shoals:1 |   14346 |    3009 |  17.3 |      34 |       2 |   5.6
   Shoals:2 |    7770 |    7571 |  49.4 |      20 |      14 |  41.2
   Shoals:3 |   27479 |       0 |   0.0 |      51 |       0 |   0.0
   Shoals:4 |   15373 |   21768 |  58.6 |      31 |      33 |  51.6
    Snake:1 |    8178 |       0 |   0.0 |      16 |       0 |   0.0
    Snake:2 |    8392 |       0 |   0.0 |      14 |       0 |   0.0
    Snake:3 |   27146 |       0 |   0.0 |      54 |       0 |   0.0
    Snake:4 |   23358 |   26726 |  53.4 |      52 |      46 |  46.9
    Slime:1 |   10266 |       0 |   0.0 |      11 |       0 |   0.0
    Slime:2 |    3989 |       0 |   0.0 |      12 |       0 |   0.0
    Slime:3 |    8221 |       0 |   0.0 |      18 |       0 |   0.0
    Slime:4 |    1847 |       0 |   0.0 |       3 |       0 |   0.0
    Slime:5 |   13375 |   30747 |  69.7 |      32 |      13 |  28.9
      Orc:1 |    2501 |       0 |   0.0 |      32 |       0 |   0.0
      Orc:2 |    1923 |   11690 |  85.9 |      25 |      66 |  72.5
      Elf:1 |   13693 |    6298 |  31.5 |      22 |      11 |  33.3
      Elf:2 |    1384 |   23435 |  94.4 |       6 |      28 |  82.4
      Elf:3 |   21314 |   52232 |  71.0 |      36 |      39 |  52.0
   Vaults:1 |   28167 |    9479 |  25.2 |      64 |      19 |  22.9
   Vaults:2 |   27149 |   50177 |  64.9 |      48 |      60 |  55.6
   Vaults:3 |   22930 |   32755 |  58.8 |      47 |      33 |  41.2
   Vaults:4 |   36972 |   43110 |  53.8 |      58 |      45 |  43.7
   Vaults:5 |   18388 |  145984 |  88.8 |      24 |      93 |  79.5
    Crypt:1 |   43333 |       0 |   0.0 |      54 |       0 |   0.0
    Crypt:2 |   14720 |   35346 |  70.6 |      27 |      37 |  57.8
    Crypt:3 |   39832 |   70097 |  63.8 |      53 |      76 |  58.9
     Tomb:1 |    8701 |  162817 |  94.9 |      25 |      65 |  72.2
     Tomb:2 |   10944 |   63125 |  85.2 |      38 |      67 |  63.8
     Tomb:3 |    5263 |  100397 |  95.0 |      19 |      81 |  81.0
   Depths:1 |   44864 |   47984 |  51.7 |      67 |      51 |  43.2
   Depths:2 |   16943 |   28444 |  62.7 |      32 |      28 |  46.7
   Depths:3 |   28792 |   26787 |  48.2 |      32 |      25 |  43.9
   Depths:4 |       0 |   66106 | 100.0 |       0 |      56 | 100.0
   Depths:5 |   60493 |   41419 |  40.6 |      52 |      39 |  42.9
       Hell |   10025 |   35031 |  77.7 |      24 |      42 |  63.6
      Dis:1 |   43186 |       0 |   0.0 |      99 |       0 |   0.0
      Dis:2 |   52354 |       0 |   0.0 |     105 |       0 |   0.0
      Dis:3 |   25425 |       0 |   0.0 |      51 |       0 |   0.0
      Dis:4 |   71392 |   16196 |  18.5 |      92 |      18 |  16.4
      Dis:5 |   32844 |       0 |   0.0 |      48 |       0 |   0.0
      Dis:6 |   45798 |       0 |   0.0 |      75 |       0 |   0.0
      Dis:7 |   58540 |   39415 |  40.2 |      77 |      40 |  34.2
    Abyss:1 |   32239 |    1553 |   4.6 |      49 |       1 |   2.0
    Abyss:2 |    2573 |       0 |   0.0 |       9 |       0 |   0.0
    Abyss:3 |   59664 |    4031 |   6.3 |      90 |       3 |   3.2
    Abyss:4 |   19100 |       0 |   0.0 |      31 |       0 |   0.0
    Abyss:5 |   21984 |    9370 |  29.9 |      30 |      22 |  42.3
      Sewer |       0 |     129 | 100.0 |       0 |      41 | 100.0
            +---------+---------+-------+---------+---------+-------
